 Dungeon Crawl Stone Soup version 0.19-a0-32-gbfd796a (webtiles) character file.

245 Mefis the Magician (level 5, 0/25 HPs)
             Began as a Deep Elf Wizard on May 2, 2016.
             Was an Initiate of Ru.
             Slain by a gnoll
             ... wielding a +0 flail
              (2 damage)
             ... on level 5 of the Dungeon.
             The game lasted 00:16:38 (2667 turns).

Mefis the Magician (Deep Elf Wizard)                Turns: 2667, Time: 00:16:41

Health: 0/25       AC:  5    Str:  4      XL:     5   Next: 83%
Magic:  11/14      EV: 13    Int: 26      God:    Ru [......]
Gold:   113        SH:  4    Dex: 14 (15) Spells: 6 memorised, 1 level left

rFire  . . .     SeeInvis .     i - +0 dagger
rCold  . . .     Gourm    .     a - +0 robe
rNeg   . . .     Faith    .     q - +0 buckler
rPois  +         Spirit   .     b - +0 hat
rElec  .         Dismiss  .     o - +2 cloak
rCorr  .         Reflect  .     (no gloves)
SustAt .         Harm     .     (no boots)
MR     .....     Rnd*Rage +     (no amulet)
Stlth  +++.......               (no ring)
                                h - ring of poison resistance

@: about to teleport, repel missiles, not resistant to hostile enchantments,
fairly stealthy
A: agile 1, berserk 1, clever 1, deterioration 1, frail 1
a: Renounce Religion


You were on level 5 of the Dungeon.
You worshipped Ru.
Ru was noncommittal.
You were not hungry.

You visited 1 branch of the dungeon, and saw 4 of its levels.

You collected 113 gold pieces.

Inventory:

Hand Weapons
 i - a +0 dagger (weapon)
Missiles
 j - 5 needles of sleeping
Armour
 a - a +0 robe (worn)
 b - a +0 hat (worn)
 o - a +2 cloak (worn)
 q - a +0 buckler (worn)
Jewellery
 h - a ring of poison resistance (left hand)
 l - an uncursed amulet of dismissal {unknown}
 t - a +3 ring of evasion {unknown}
Wands
 u - a wand of teleportation (0/9)
Scrolls
 g - a scroll of teleportation {unknown}
 p - 4 scrolls of identify {unknown}
 r - a scroll of remove curse {unknown}
 s - a scroll of amnesia {unknown}
 v - a scroll of immolation {unknown}
Potions
 e - a potion of degeneration {unknown}
 k - a potion of curing {unknown}
 m - a potion of flight {unknown}
 n - a potion of might {unknown}
Books
 c - a book of Minor Magic

   Spells                             Type                      Level
   a - Magic Dart                     Conjuration                  1
   b - Blink                          Translocation                2
   c - Call Imp                       Summoning                    2
   d - Repel Missiles                 Charms/Air                   2
   e - Slow                           Hexes                        2
   f - Conjure Flame                  Conjuration/Fire             3
   g - Mephitic Cloud                 Conjuration/Poison/Air       3
Comestibles
 d - 3 bread rations
 f - 3 meat rations


   Skills:
 * Level 1.5 Armour
 * Level 3.7 Dodging
 * Level 4.2 Stealth
 * Level 1.2 Shields
 + Level 5.1 Spellcasting
 + Level 2.1 Conjurations
 + Level 1.9 Summonings
 - Level 1.1 Translocations
 + Level 1.3 Poison Magic


You had one spell level left.
You knew the following spells:

 Your Spells              Type           Power        Failure   Level  Hunger
a - Magic Dart            Conj           ###.         6%          1    None
b - Call Imp              Summ           ###.....     10%         2    None
c - Blink                 Tloc           N/A          12%         2    None
d - Repel Missiles        Chrm/Air       #.....       17%         2    None
e - Mephitic Cloud        Conj/Pois/Air  ##......     24%         3    #......
f - Conjure Flame         Conj/Fire      ##......     24%         3    #......


Dungeon Overview and Level Annotations

Branches:
Dungeon (3/15)

Altars:
Dithmenos
Qazlal
Ru
Yredelemnul
The Shining One

Annotations:
D:1 rock safe
D:5 Sigmund


Innate Abilities, Weirdness & Mutations

You are agile. (Dex +2)
You tend to lose your temper in combat.
Your mind is acute. (Int +2)
Your body sometimes deteriorates upon taking damage.
You are frail (-10% HP).


Message History

Your body deteriorates!
You feel clumsy. You block Sigmund's attack. The gnoll hits you with a flail.
The gnoll hits you from afar with a spear.
The gnoll shouts!
You hit the adder.
The adder is lightly wounded.
The gnoll closely misses you. The gnoll hits you with a flail.
The adder bites you.
* * * LOW HITPOINT WARNING * * *
Evoke which item? (* to show all) (? for menu, Esc to quit)
Zapping:
u - a wand of teleportation {zapped: 2} (will waste charges)
Press: ? - help, Shift-Dir - straight line, f - you You feel strangely unstable.
Evoking this partially-identified wand wasted a few charges.
You block Sigmund's attack. The adder misses you.
The gnoll hits you from afar with a spear.
* * * LOW HITPOINT WARNING * * *
The gnoll hits you with a flail.
You die...

#.... #.... #.... #....
###.... ###.......
#........S####
#.........@..#
#........g...#
#........@g..###
#...#...g......#
#...#..#.....#.###
#....#.#.....#...#
#.S.[#...#....##g##########
#.....#..#............§g..#
##....#....#.....########o#


You could see Sigmund, 4 gnolls and an adder.

Vanquished Creatures
  A sky beast (D:3)
  3 adders
  3 dart slugs
  3 giant geckos
  An orc (D:2)
  3 ball pythons
  4 giant cockroaches
  3 hobgoblins (D:2)
  3 kobolds
  A quokka (D:3)
  8 bats
  4 giant newts
  4 goblins
  3 rats
44 creatures vanquished.

Vanquished Creatures (collateral kills)
  A giant frog (D:2)
  An orc wizard (D:2)
  An adder (D:3)
  A worm (D:2)
  2 hobgoblins
6 creatures vanquished.

Grand Total: 50 creatures vanquished

Notes
Turn   | Place    | Note
--------------------------------------------------------------
     0 | D:1      | Mefis the Deep Elf Wizard began the quest for the Orb.
     0 | D:1      | Reached XP level 1. HP: 10/10 MP: 7/7
   285 | D:1      | Reached XP level 2. HP: 15/15 MP: 2/9
   289 | D:1      | Learned a level 2 spell: Call Imp
   292 | D:1      | Learned a level 2 spell: Blink
   295 | D:1      | Learned a level 2 spell: Repel Missiles
   982 | D:2      | Found a basalt altar of Yredelemnul.
   984 | D:2      | Noticed a profane servitor
  1028 | D:2      | Reached XP level 3. HP: 19/19 MP: 1/11
  1033 | D:2      | Learned a level 3 spell: Mephitic Cloud
  1356 | D:2      | Found a sacrificial altar of Ru.
  1471 | D:2      | Became a worshipper of Ru the Awakened
  1529 | D:2      | Found a glowing golden altar of the Shining One.
  1538 | D:2      | Noticed a giant frog
  1548 | D:2      | Killed a giant frog
  1548 | D:2      | Reached skill level 1 in Armour
  1548 | D:2      | Reached skill level 5 in Spellcasting
  1548 | D:2      | Reached XP level 4. HP: 3/24 MP: 2/13
  1553 | D:2      | Learned a level 3 spell: Conjure Flame
  1929 | D:2      | Found a stormy altar of Qazlal.
  2039 | D:2      | Noticed an angel
  2153 | D:3      | Found a shadowy altar of Dithmenos.
  2280 | D:3      | Reached XP level 5. HP: 28/28 MP: 9/14
  2347 | D:3      | Noticed a sky beast
  2376 | D:3      | Reached skill level 1 in Poison Magic
  2378 | D:3      | Killed a sky beast
  2378 | D:3      | Reached skill level 1 in Shields
  2385 | D:3      | Gained mutation: You tend to lose your temper in combat. [mutagenic meat]
  2386 | D:3      | Gained mutation: Your mind is acute. (Int +2) [mutagenic meat]
  2387 | D:3      | Gained mutation: You are agile. (Dex +2) [mutagenic meat]
  2388 | D:3      | Gained mutation: Your body sometimes deteriorates upon taking damage. [mutagenic meat]
  2389 | D:3      | Gained mutation: You are frail (-10% HP). [mutagenic meat]
  2599 | D:3      | You fall through a shaft for 2 floors!
  2599 | D:5      | Entered Level 5 of the Dungeon
  2621 | D:5      | Noticed Sigmund
  2667 | D:5      | Slain by a gnoll

Vault maps used:
D:1:      scummos_arrival_simple_fountains, due_unseen_surprise
D:2:      grunt_temple_overflow_holy_war, lemuel_coloured_pillars_altar,
          nicolae_ru_great_annihilating_truth
D:3:      lemuel_crystal_altar, first_bread
D:5:      grunt_temple_overflow_open, hangedman_decor_peaks_small, uniq_sigmund

Skill      XL: |  1  2  3  4  5 |
---------------+----------------+-----
Stealth        | 3 4 |  4.2
Dodging        | 3 |  3.7
Armour         | 1 |  1.5
Spellcasting   | 5 |  5.1
Poison Magic   | 1 |  1.3
Shields        | 1 |  1.2
Conjurations   | 2 |  2.1
Summonings     | |  1.9
Translocations | |  1.1

Action                   |  1- 3 |  4- 6 || total
-------------------------+-------+-------++-------
Melee: Dagger            |    14 |     1 ||    15
       Unarmed           |     7 |       ||     7
 Cast: Magic Dart        |    84 |    33 ||   117
       Call Imp          |     6 |     1 ||     7
       Repel Missiles    |     1 |       ||     1
       Blink             |     1 |     1 ||     2
       Conjure Flame     |       |     1 ||     1
       Mephitic Cloud    |       |     1 ||     1
Evoke: Wand              |       |     2 ||     2
  Eat: Chunk             |     2 |     8 ||    10
Armor: Robe              |     7 |     3 ||    10
Dodge: Dodged            |    20 |     8 ||    28
Block: Buckler           |     3 |     5 ||     8
